 Dungeon Sprint DCSS version 0.26-a0-660-gc07710193c (webtiles) character file.

Game seed: 6939649549888863989

3 mhtbhm the Conjurer (level 1, 0/10 HPs)
             Began as a Deep Elf Conjurer on Oct 8, 2020.
             Slain by a jackal (3 damage)
             ... in the Dungeon (Sprint IX: "|||||||||||||||||||||||||||||").
             The game lasted 00:00:19 (29 turns).

mhtbhm the Conjurer (Deep Elf Conjurer)               Turns: 29, Time: 00:00:20

Health: 0/10       AC:  2    Str:  4    XL:     1   Next: 41%
Magic:  0/6        EV: 13    Int: 22    God:
Gold:   0          SH:  0    Dex: 13    Spells: 5/6 levels left

rFire    . . .     SeeInvis .   (no weapon)
rCold    . . .     Faith    .   (no shield)
rNeg     . . .     Spirit   .   a - +0 robe
rPois    .         Reflect  .   (no helmet)
rElec    .         Harm     .   (no cloak)
rCorr    .         Rampage  .   (no gloves)
MR       .....     NoTele   +   (no boots)
Stlth    ++........             (no amulet)
HPRegen  0.03/turn              (no ring)
MPRegen  0.10/turn              (no ring)

@: no status effects
A: no striking features
a: no special abilities


You were in the Dungeon.
You visited 1 branch

Inventory:

Armour
 a - a +0 robe (worn)
Scrolls
 h - a scroll of blinking
Potions
 c - a potion of curing
 d - a potion of heal wounds
 e - a potion of haste
 f - 2 potions of magic
 g - a potion of berserk rage


   Skills:
 + Level 2.6 Dodging
 - Level 2.5 Stealth
 + Level 3.3 Spellcasting
 + Level 5.2 Conjurations


You had 5 spell levels left.
You knew the following spells:

 Your Spells              Type           Power        Failure   Level
a - Magic Dart            Conj           ####         1%          1

Your spell library contained the following spells:

 Spells                   Type           Power        Failure   Level
 Searing Ray              Conj           ####..       1%          2
 Dazzling Flash           Conj/Hex       ###...       12%         3
 Fulminant Prism          Conj/Hex       ###.......   38%         4
 Iskenderun's Mystic Bla  Conj/Tloc      ###.....     38%         4


Dungeon Overview and Level Annotations

Branches:
Dungeon (1/1)

Altars:


Message History

The jackal misses you. The jackal barely misses you. The jackal bites you.
The jackal closely misses you. The jackal misses you. The jackal bites you.
* * * LOW HITPOINT WARNING * * *
Casting: Magic Dart (safe; 1% risk of failure)
Confirm with . or Enter, or press ? or * to list all spells.
Aiming: Magic Dart (safe; 1% risk of failure)
Press: ? - help, Shift-Dir - straight line, f - jackal
Aim: a jackal The magic dart hits the jackal.
The jackal is almost dead.
The jackal closely misses you.
Unknown command.
The jackal completely misses you. The jackal barely misses you.
The jackal barely misses you. The jackal closely misses you.
The jackal closely misses you. The jackal completely misses you.
The jackal bites you.
You die...

▓.▓
▓.▓
▓.▓
▓.▓
▓)▓
▓.▓
▓.▓
▓h▓
▓@▓
▓▓▓


You could see a jackal.

Vanquished Creatures
  A hobgoblin (D)
  A bat (D)
  A kobold (D)
  A rat (D)
4 creatures vanquished.

Notes
Turn   | Place    | Note
-------+----------+-------------------------------------------
     0 | D        | mhtbhm the Deep Elf Conjurer began the quest for the Orb.
     0 | D        | Reached XP level 1. HP: 10/10 MP: 6/6
     8 | D        | Reached skill level 5 in Conjurations
    29 | D        | Slain by a jackal

Illustrated notes

Levels and vault maps discovered:
D:        linesprint [early_d, line_temple, items_1, d_10, items_2, lair_1,
          lair_end, items_3, orc_1, orc_end, items_4, d_15, swamp_1, shoals_1,
          snake_1, spider_1, d_20, vaults_1, items_5, swamp_end, shoals_end,
          snake_end, spider_end, vaults_end, d_27, items_6, zot_1, zot_end,
          crypt_end, forest_end, elf_end, slime_end, tomb_end, abyss_end,
          pan_hell_end]

Skill      XL: |  1 |
---------------+----+-----
Conjurations   | 5 |  5.2
Dodging        | |  2.6
Stealth        | |  2.5
Spellcasting   | |  3.3

Action                   || total
-------------------------++-------
 Cast: Magic Dart        ||     8
Dodge: Dodged            ||    17

Table legend: (Time is in decaauts)
 A = Elapsed time spent in this place.
 B = Non-inter-level travel time spent in this place.
 C = Inter-level travel time spent in this place.
 D = Time resting spent in this place.
 E = Time spent auto-exploring this place.
 F = Levels seen in this place.
 G = Mean time per level.
                   A        B        C        D        E       F      G
               +--------+--------+--------+--------+--------+-----+--------+
         Total |     29 |     29 |      0 |      0 |      0 |   1 |   29.0 |
       Dungeon |     29 |     29 |      0 |      0 |      0 |   1 |   29.0 |
               +--------+--------+--------+--------+--------+-----+--------+

Top non-repeatable levels by time:
       D: 29 daAuts
